Map: Pillars of Gold LE

Players

Geralt (Gerald)

  • Race: Protoss Protoss
  • League: Grandmaster
  • Spawn Location: 7:00

SKillous - Winner!

  • Race: Protoss Protoss
  • League: Grandmaster
  • Spawn Location: 1:00

Event: DreamHack SC2 Masters 2020 Fall

VOD

Have the link to the VOD?

Description

Time

  • Played on: Sept. 2, 2020, 11:38 a.m.
  • Length: 26:29

All games in this series

Show
View Real Time Build Order
Export as new Build Order

Geralt Protoss 

Build Orders: Oracle Opening, Carriers 

Get SALT Encoding   

  12  0:00  Probe  
  13  0:12  Probe  
  14  0:18  Pylon  
  14  0:24  Probe (Chrono Boost)  
  15  0:38  Probe (Chrono Boost)  
  15  0:39  Gateway  
  16  0:43  Probe (Chrono Boost)  
  16  0:47  Assimilator  
  17  0:53  Probe (Chrono Boost)  
  17  0:56  Assimilator  
  18  1:05  Probe (Chrono Boost)  
  18  1:10  Gateway  
  19  1:13  Probe (Chrono Boost)  
  20  1:20  Probe  
  21  1:30  Cybernetics Core  
  21  1:32  Probe  
  22  1:43  Pylon  
  22  1:44  Probe  
  23  2:01  Probe  
  23  2:06  Warp Gate, Stalker x2  
  28  2:13  Probe  
  28  2:14  Pylon  
  29  2:21  Pylon  
  29  2:26  Probe  
  30  2:40  Probe  
  30  2:42  Stargate  
  30  2:52  Probe  
  31  3:04  Nexus, Probe  
  32  3:19  Probe  
  33  3:24  Oracle (Chrono Boost)  
  35  3:32  Probe  
  36  3:35  Pylon  
  36  3:44  Probe  
  37  3:48  Twilight Council  
  37  3:49  Forge  
  37  3:56  Probe  
  37  3:57  Shield Battery  
  37  4:00  Sentry x2  
  42  4:08  Probe (Chrono Boost)  
  43  4:16  Probe (Chrono Boost)  
  44  4:20  Probe (Chrono Boost)  
  45  4:25  Blink, Probe (Chrono Boost)  
  45  4:27  Probe (Chrono Boost)  
  45  4:30  Probe (Chrono Boost)  
  47  4:37  Protoss Ground Weapons Level 1  
  47  4:38  Probe (Chrono Boost)  
  49  4:42  Probe (Chrono Boost)  
  49  4:44  Gateway  
  50  4:50  Probe (Chrono Boost)  
  50  4:51  Probe (Chrono Boost)  
  50  4:52  Gateway  
  52  4:55  Assimilator  
  52  4:56  Probe  
  53  5:03  Probe, Photon Cannon  
  54  5:08  Probe  
  54  5:13  Adept x2  
  59  5:28  Nexus  
  59  5:31  Pylon  
  59  5:39  Stalker  
  59  5:42  Pylon  
  61  5:53  Stalker x3  
  65  6:04  Gateway  
  63  6:07  Gateway  
  63  6:09  Stalker  
  65  6:17  Probe  
  66  6:18  Probe  
  66  6:19  Robotics Facility  
  67  6:29  Shield Battery, Probe  
  67  6:30  Probe  
  67  6:31  Stalker  
  67  6:32  Stalker x2  
  75  6:37  Stalker  
  77  6:41  Probe  
  77  6:43  Probe x2 (Chrono Boost)  
  80  6:54  Probe (Chrono Boost)  
  81  6:55  Probe (Chrono Boost)  
  81  6:56  Probe (Chrono Boost)  
  83  7:02  Protoss Ground Weapons Level 2  
  83  7:03  Probe x3 (Chrono Boost)  
  83  7:08  Probe (Chrono Boost)  
  86  7:09  Probe  
  86  7:10  Probe  
  86  7:14  Assimilator  
  86  7:18  Assimilator  
  86  7:20  Probe  
  86  7:21  Stalker x2, Probe  
  86  7:22  Assimilator, Probe  
  93  7:29  Pylon  
  93  7:31  Pylon  
  93  7:32  Robotics Bay  
  93  7:34  Robotics Facility  
  93  7:42  Dark Shrine  
  93  7:47  Probe x2  
  93  7:48  Photon Cannon  
  93  7:49  Gateway  
  95  7:51  Stalker  
  95  7:52  Gateway  
  95  7:55  Observer  
  95  7:56  Stalker  
  95  7:57  Stalker  
  100  8:15  Pylon  
  100  8:16  Disruptor (Chrono Boost)  
  103  8:22  Photon Cannon  
  103  8:24  Pylon  
  103  8:25  Nexus  
  103  8:26  Shield Battery  
  106  8:27  Disruptor (Chrono Boost)  
  106  8:35  Probe x2  
  106  8:39  Observer  
  108  8:45  Photon Cannon  
  108  8:46  Shield Battery  
  108  8:47  Disruptor  
  111  8:50  Stalker x4  
  111  8:52  Observer  
  119  8:56  Disruptor  
  120  9:11  Dark Templar x2  
  124  9:17  Pylon  
  124  9:22  Disruptor  
  113  9:26  Stalker x3  
  110  9:31  Dark Templar  
  110  9:32  Dark Templar  
  102  9:44  Stalker  
  102  9:45  Stalker x2  
  97  9:51  Disruptor (Chrono Boost)  
  97  9:53  Photon Cannon  
  97  9:54  Shield Battery  
  97  9:55  Archon  
  97  9:56  Photon Cannon  
  97  9:58  Shield Battery  
  100  10:04  Probe  
  100  10:06  Shield Battery, Photon Cannon  
  104  10:07  Stalker x2  
  104  10:08  Disruptor (Chrono Boost)  
  104  10:13  Stalker x2  
  112  10:21  Stalker x2  
  115  10:22  Probe x2  
  115  10:23  Probe x2  
  119  10:30  Disruptor  
  119  10:33  Stalker  
  119  10:34  Probe  
  123  10:48  Stalker x5  
  97  11:05  Stalker x3  
  100  11:12  Stalker x5  
  100  11:14  Probe x4  
  114  11:18  Assimilator  
  114  11:20  Photon Cannon  
  114  11:21  Shield Battery  
  114  11:22  Assimilator  
  117  11:26  Probe x3  
  117  11:28  Observer (Chrono Boost)  
  117  11:29  Disruptor (Chrono Boost), Probe  
  122  11:34  Photon Cannon, Pylon  
  122  11:38  Dark Templar  
  122  11:55  Stalker x6  
  122  11:56  Stalker  
  133  12:01  Probe x2  
  133  12:03  Probe  
  136  12:08  Probe  
  136  12:13  Probe x2  
  136  12:15  Probe  
  139  12:17  Observer x2, Protoss Ground Weapons Level 3 (Chrono Boost)  
  139  12:18  Charge (Chrono Boost)  
  139  12:19  Gateway  
  139  12:21  Gateway  
  141  12:39  Stalker x4  
  141  12:40  Stalker  
  150  12:47  Pylon  
  150  12:52  Pylon  
  150  12:53  Pylon  
  150  12:55  Pylon  
  150  12:56  Pylon  
  150  12:59  Nexus  
  150  13:01  Pylon  
  150  13:04  Disruptor x2, Pylon  
  156  13:07  Pylon  
  155  13:28  Probe  
  155  13:29  Probe  
  155  13:32  Photon Cannon  
  155  13:33  Photon Cannon  
  155  13:35  Shield Battery x2  
  155  13:38  Photon Cannon  
  155  13:40  Disruptor x2, Shield Battery  
  161  13:42  Pylon  
  161  13:44  Dark Templar x2, Pylon  
  161  13:45  Dark Templar x3  
  169  13:56  Observer  
  169  14:01  Shadow Stride (Chrono Boost)  
  169  14:05  Probe  
  169  14:08  Probe  
  171  14:11  Assimilator  
  171  14:12  Stargate  
  171  14:13  Assimilator, Fleet Beacon  
  171  14:16  Disruptor x2  
  177  14:19  Stalker x4  
  177  14:20  Observer, Stalker x6  
  187  14:24  Pylon  
  187  14:47  Dark Templar x5  
  187  14:48  Zealot  
  196  15:02  Observer  
  193  15:08  Zealot x3  
  199  15:18  Observer  
  197  15:36  Observer  
  193  15:46  Protoss Shields Level 1 (Chrono Boost)  
  174  16:00  Mothership  
  182  16:06  Carrier  
  182  16:07  Carrier  
  182  16:09  Zealot  
  182  16:10  Zealot x2  
  188  16:19  Zealot, Dark Templar x6  
  175  16:25  Disruptor  
  151  16:33  Zealot  
  151  16:34  Zealot x2  
  151  16:37  Disruptor  
  137  16:52  Probe x3  
  137  16:53  Probe  
  139  16:57  Zealot x10  
  159  17:04  Probe x3  
  159  17:05  Probe  
  163  17:11  Carrier (Chrono Boost)  
  163  17:15  Shield Battery  
  175  17:16  Probe x2  
  175  17:17  Photon Cannon x2, Probe x2  
  175  17:18  Carrier (Chrono Boost)  
  175  17:19  Photon Cannon  
  175  17:20  Protoss Air Weapons Level 1  
  175  17:21  Observer  
  175  17:22  Assimilator  
  179  17:28  Probe x2  
  179  17:29  Probe  
  182  17:43  Protoss Shields Level 2 (Chrono Boost)  
  182  17:46  Observer  
  181  17:52  Observer  
  181  17:54  Observer  
  180  18:05  Carrier (Chrono Boost)  
  156  18:11  Probe  
  156  18:12  Carrier (Chrono Boost)  
  162  18:15  Observer  
  168  18:34  Stalker x6  
  170  18:35  Stalker x4  
  170  18:37  Disruptor  
  173  18:56  Disruptor (Chrono Boost)  
  153  19:14  Carrier x2  
  166  19:19  Zealot x4  
  166  19:20  Observer (Chrono Boost)  
  174  19:29  Disruptor (Chrono Boost)  
  175  19:39  Gravitic Boosters (Chrono Boost)  
  175  19:41  Observer (Chrono Boost)  
  176  20:03  Nexus  
  166  20:23  Dark Templar  
  166  20:24  Dark Templar x9  
  185  20:37  Carrier  
  185  20:42  Nexus  
  191  20:46  Nexus  
  191  20:48  Carrier  
  193  21:03  Dark Templar x2  
  197  21:06  Zealot  
  197  21:07  Zealot  
  193  21:13  Disruptor  
  159  21:39  Nexus  
  157  21:46  Zealot  
  157  21:47  Zealot x9  
  161  21:48  Carrier  
  161  21:53  Carrier  
  189  21:56  Pylon  
  189  22:00  Assimilator  
  189  22:03  Assimilator  
  185  22:16  Nexus  
  183  22:30  Observer  
  183  22:33  Disruptor, Nexus  
  175  23:21  Probe  
  175  23:22  Pylon  
  176  23:29  Stalker x3  
  172  23:46  Stalker x3  
  172  23:47  Stalker x3  
  95  24:35  Stalker x7  
  80  25:05  Stalker x4  
  80  25:15  Dark Templar x2  
  80  25:19  Dark Templar  
  78  25:25  Dark Templar  
  66  25:41  Dark Templar x2  
  66  25:43  Stalker x3  
  72  26:05  Dark Templar x2  
  72  26:07  Stalker  
Show
View Real Time Build Order
Export as new Build Order

SKillous Protoss - Winner!

Build Orders:  

Get SALT Encoding   

  12  0:00  Probe  
  13  0:12  Probe  
  14  0:18  Pylon  
  14  0:24  Probe (Chrono Boost)  
  15  0:36  Probe (Chrono Boost)  
  15  0:40  Gateway  
  16  0:45  Probe (Chrono Boost)  
  16  0:48  Assimilator  
  17  0:51  Probe  
  17  0:56  Assimilator  
  18  1:03  Probe (Chrono Boost)  
  20  1:12  Probe (Chrono Boost)  
  20  1:13  Gateway  
  20  1:17  Probe (Chrono Boost)  
  21  1:29  Cybernetics Core  
  21  1:30  Probe  
  22  1:39  Pylon  
  22  1:42  Probe  
  23  1:57  Probe  
  24  2:05  Stalker x2  
  28  2:08  Warp Gate  
  28  2:14  Pylon  
  28  2:35  Sentry  
  28  2:36  Sentry  
  32  2:50  Nexus, Probe  
  32  2:59  Shield Battery  
  32  3:02  Probe (Chrono Boost)  
  33  3:11  Pylon, Probe (Chrono Boost)  
  34  3:16  Probe (Chrono Boost)  
  35  3:25  Twilight Council  
  35  3:29  Probe (Chrono Boost)  
  36  3:39  Probe (Chrono Boost)  
  36  3:40  Shield Battery  
  37  3:44  Probe (Chrono Boost)  
  38  3:56  Probe  
  38  4:02  Blink  
  39  4:05  Probe (Chrono Boost)  
  39  4:08  Probe (Chrono Boost)  
  39  4:09  Stalker  
  43  4:13  Forge  
  44  4:17  Probe (Chrono Boost)  
  44  4:21  Probe (Chrono Boost)  
  45  4:24  Probe (Chrono Boost)  
  45  4:26  Probe (Chrono Boost)  
  47  4:31  Probe  
  47  4:34  Assimilator  
  47  4:35  Probe  
  49  4:42  Protoss Ground Weapons Level 1 (Chrono Boost)  
  49  4:43  Probe  
  50  4:48  Probe  
  51  4:54  Nexus  
  51  4:57  Probe  
  52  5:00  Pylon  
  52  5:02  Probe  
  53  5:11  Probe  
  54  5:14  Gateway  
  54  5:15  Gateway  
  54  5:18  Probe  
  55  5:22  Robotics Facility  
  55  5:25  Pylon  
  55  5:26  Probe (Chrono Boost)  
  56  5:35  Probe (Chrono Boost)  
  57  5:36  Shield Battery  
  57  5:38  Probe (Chrono Boost)  
  58  5:48  Probe (Chrono Boost)  
  58  5:49  Probe (Chrono Boost)  
  56  5:52  Stalker x2  
  56  5:56  Probe, Pylon  
  59  5:58  Probe  
  60  6:08  Probe x2  
  60  6:11  Probe  
  63  6:20  Probe  
  63  6:23  Observer (Chrono Boost)  
  63  6:24  Probe (Chrono Boost), Stalker x2  
  70  6:29  Probe (Chrono Boost)  
  70  6:32  Probe (Chrono Boost)  
  72  6:39  Stalker x2  
  78  6:40  Protoss Ground Weapons Level 2 (Chrono Boost)  
  78  6:41  Probe (Chrono Boost)  
  78  6:42  Observer, Probe (Chrono Boost)  
  78  6:45  Probe (Chrono Boost)  
  80  6:53  Probe (Chrono Boost)  
  82  6:57  Assimilator  
  82  6:58  Charge  
  83  7:03  Gateway  
  83  7:04  Gateway  
  81  7:10  Gateway  
  81  7:11  Gateway  
  81  7:14  Probe  
  81  7:16  Templar Archives, Probe x2  
  83  7:25  Pylon  
  83  7:26  Probe  
  83  7:28  Probe x2  
  86  7:30  Pylon  
  86  7:33  Warp Prism (Chrono Boost)  
  86  7:34  Photon Cannon  
  86  7:35  Pylon  
  88  7:39  Probe  
  88  7:42  Probe  
  90  7:47  Pylon, Probe  
  90  7:50  Stalker  
  90  7:51  Stalker  
  95  7:52  Stalker  
  95  7:56  Stalker  
  99  8:04  High Templar x2  
  101  8:06  Stalker x2  
  101  8:09  Pylon  
  101  8:10  Archon, Pylon  
  105  8:16  High Templar x2  
  105  8:18  Zealot  
  105  8:19  Zealot  
  113  8:21  Archon  
  113  8:22  Pylon  
  113  8:23  Pylon  
  113  8:24  Pylon  
  113  8:32  Observer  
  113  8:34  Zealot x2  
  117  8:48  High Templar  
  117  8:49  Zealot x4, High Templar  
  117  8:54  Archon  
  129  8:57  Nexus  
  129  9:01  Zealot x2  
  133  9:09  Zealot x5  
  135  9:10  Zealot  
  127  9:27  Zealot x2  
  127  9:31  Zealot x6  
  130  9:34  Observer (Chrono Boost)  
  116  9:40  Protoss Ground Weapons Level 3 (Chrono Boost)  
  102  9:48  Photon Cannon, Probe x2  
  102  9:52  Observer (Chrono Boost)  
  101  9:55  High Templar  
  101  9:56  Zealot, High Templar x3  
  101  9:57  Zealot x3  
  117  10:00  Archon  
  117  10:01  Pylon  
  117  10:04  Archon  
  117  10:10  Observer  
  117  10:13  Stalker  
  117  10:14  Stalker  
  122  10:21  Zealot x3  
  128  10:22  Probe x2  
  128  10:24  Gateway  
  128  10:27  Probe  
  128  10:28  Dark Shrine  
  131  10:29  Zealot x3, Gateway  
  123  10:43  Zealot x4  
  123  10:49  Zealot x4  
  105  11:04  Stalker x4  
  87  11:05  Probe  
  87  11:08  Observer  
  85  11:12  Probe x2  
  85  11:14  Probe  
  85  11:16  Assimilator  
  85  11:17  Probe  
  85  11:18  Stalker x5  
  97  11:20  Assimilator  
  97  11:21  Nexus  
  97  11:23  Pylon  
  97  11:25  Stalker  
  97  11:29  Stalker x2  
  97  11:31  Stalker  
  105  11:33  Zealot  
  105  11:36  Probe  
  108  11:42  Zealot x5  
  118  11:51  Photon Cannon x2  
  118  11:52  Shield Battery  
  106  12:03  Shadow Stride (Chrono Boost), Stalker x7  
  114  12:09  Observer  
  114  12:14  Observer, Probe x3  
  114  12:15  Zealot x3  
  120  12:16  Probe  
  120  12:17  Protoss Shields Level 1 (Chrono Boost)  
  125  12:26  Probe  
  125  12:29  Zealot x5  
  136  12:33  Dark Templar  
  138  12:48  Observer  
  138  12:51  Probe x2  
  141  12:52  Zealot x9  
  141  12:58  Robotics Facility  
  157  12:59  Photon Cannon  
  157  13:00  Assimilator, Robotics Bay  
  157  13:12  Dark Templar  
  159  13:20  Stalker  
  159  13:25  Observer  
  161  13:31  Assimilator  
  161  13:35  Assimilator, Dark Templar x5, Pylon  
  171  13:51  Protoss Shields Level 2 (Chrono Boost)  
  171  13:52  Disruptor (Chrono Boost)  
  175  14:00  Disruptor (Chrono Boost)  
  175  14:01  Zealot x3  
  175  14:02  Zealot x2  
  162  14:04  Assimilator  
  162  14:14  Zealot x5  
  162  14:16  Disruptor (Chrono Boost)  
  175  14:20  Disruptor (Chrono Boost)  
  175  14:22  Observer  
  178  14:39  Stalker  
  178  14:40  Stalker x5  
  178  14:43  Disruptor (Chrono Boost)  
  193  14:47  Disruptor (Chrono Boost), Gravitic Boosters (Chrono Boost)  
  193  14:52  Photon Cannon x2  
  194  14:55  Photon Cannon  
  194  14:56  Nexus, Pylon  
  194  14:57  Photon Cannon  
  194  15:05  Nexus  
  194  15:06  Pylon  
  194  15:11  Disruptor  
  185  15:18  Pylon  
  185  15:20  Observer  
  184  15:25  Zealot x6  
  184  15:26  Zealot x2  
  200  15:31  Photon Cannon  
  200  15:33  Photon Cannon  
  200  15:34  Photon Cannon  
  200  15:41  Disruptor, Shield Battery  
  175  15:46  Stalker x5  
  175  15:47  Disruptor  
  181  15:50  Stalker  
  180  16:03  Stalker x4  
  184  16:15  Zealot x4  
  184  16:16  Zealot x2  
  184  16:17  Disruptor  
  171  16:26  Zealot x4  
  171  16:27  Disruptor  
  171  16:31  Assimilator  
  166  16:35  Stalker x2  
  166  16:36  Stalker  
  166  16:37  Probe  
  166  16:38  Probe  
  130  16:49  Stalker x4  
  130  16:50  Probe  
  130  16:52  Probe  
  135  17:00  Dark Templar x4  
  143  17:02  Dark Templar  
  143  17:04  Protoss Ground Armor Level 1 (Chrono Boost)  
  143  17:06  Observer  
  143  17:07  Dark Templar  
  148  17:13  Dark Templar x2  
  148  17:14  Zealot  
  154  17:22  Dark Templar  
  156  17:24  Assimilator  
  156  17:30  Stalker  
  156  17:32  Zealot x5  
  164  17:38  Photon Cannon  
  164  17:39  Stalker  
  164  17:40  Photon Cannon  
  166  17:46  Pylon  
  166  17:48  Zealot x2  
  168  17:54  Dark Templar x4  
  162  18:12  Stalker x6  
  174  18:17  Stargate  
  168  18:30  Stalker x4  
  176  18:37  Stalker x4  
  176  18:39  Protoss Air Weapons Level 1  
  176  18:41  Stalker  
  186  18:43  Pylon  
  184  18:54  Pylon  
  154  18:58  Observer  
  154  19:02  Observer  
  141  19:10  Stalker x9  
  141  19:11  Oracle (Chrono Boost)  
  141  19:14  Protoss Shields Level 3  
  141  19:16  Photon Cannon  
  162  19:35  Stalker x8  
  178  19:43  Fleet Beacon  
  178  20:00  Stalker x3  
  178  20:02  Nexus  
  159  20:21  Stalker x7  
  159  20:24  Pylon  
  159  20:26  Oracle  
  176  20:34  Pylon  
  175  20:43  Protoss Air Weapons Level 2  
  175  20:44  Zealot x4  
  175  20:45  Zealot x3  
  175  20:48  Dark Templar x3  
  181  21:02  Tempest  
  186  21:15  Zealot x7, Stargate  
  198  21:18  Stargate  
  170  21:34  Stalker x3  
  170  21:39  Stalker x6  
  176  21:40  Stalker  
  176  21:43  Tempest (Chrono Boost)  
  179  21:55  Assimilator  
  179  21:57  Photon Cannon  
  179  22:00  Photon Cannon  
  179  22:01  Shield Battery  
  179  22:02  Photon Cannon  
  177  22:09  Tempest x2 (Chrono Boost)  
  177  22:13  Zealot x4  
  185  22:21  Tempest (Chrono Boost)  
  185  22:22  Zealot  
  190  22:38  Dark Templar x2  
  190  22:44  Nexus, Tempest (Chrono Boost)  
  199  22:46  Pylon  
  199  22:50  Zealot  
  197  23:02  Shield Battery  
  197  23:05  Shield Battery  
  197  23:06  Pylon  
  197  23:07  Photon Cannon  
  197  23:11  Photon Cannon  
  197  23:14  Photon Cannon  
  197  23:19  Oracle (Chrono Boost), Protoss Air Weapons Level 3  
  195  23:21  Photon Cannon  
  195  23:25  Oracle (Chrono Boost)  
  198  23:31  Zealot  
  200  23:38  Zealot  
  199  23:47  Dark Templar x4  
  199  23:48  Dark Templar  
  197  23:55  Pylon  
  191  24:05  Stalker x5  
  142  24:21  Zealot x5  
  140  24:29  Zealot x5  
  125  24:40  Photon Cannon  
  125  24:42  Zealot x4, Shield Battery  
  125  24:43  Pylon  
  133  24:46  Zealot  
  129  24:57  Zealot x5  
  125  25:05  Stalker x2  
  117  25:12  Templar Archives  
  117  25:14  High Templar x2  
  117  25:15  High Templar  
  117  25:20  High Templar  
  117  25:21  High Templar x4  
  128  25:22  Archon  
  128  25:25  Observer  
  123  25:30  Observer (Chrono Boost)  
  113  25:37  Archon  
  113  25:38  Archon x2  
  113  25:40  High Templar x2  
  104  25:43  Photon Cannon  
  104  25:44  Photon Cannon x2  
  104  25:49  Stalker x3  
  110  25:50  Archon  
  110  25:53  Stalker  
  110  25:54  Stalker x3  
  114  25:58  Stalker  
  114  26:03  Pylon  
  116  26:05  Observer  
  117  26:15  Zealot  
  117  26:16  Zealot x4  
  126  26:22  Zealot x5  

Tags
 
Add a new tag
Caveats
  • Supply blocks, unpowered buildings, or Contaminate may cause inaccurate times.
  • Supply counts are checked every 10 seconds.